 Dungeon Crawl Stone Soup version 0.21-a0-504-g2eda330 (webtiles) character file.

203 kae the Ruffian (level 5, 0/53 HPs)
             Began as a Troll Monk on Nov 26, 2017.
             Slain by dvd's ghost (12 damage)
             ... on level 3 of the Dungeon.
             The game lasted 00:02:47 (1802 turns).

kae the Ruffian (Troll Monk)                        Turns: 1802, Time: 00:02:48

Health: 0/53       AC:  5    Str: 19    XL:     5   Next: 51%
Magic:  0/4        EV: 11    Int:  6    God:
Gold:   107        SH:  0    Dex: 13    Spells: 4/4 levels left

rFire    . . .     SeeInvis .     - Unarmed
rCold    . . .     Gourm    +   (no shield)
rNeg     . . .     Faith    .   a - +0 robe
rPois    .         Spirit   +   (helmet restricted)
rElec    .         Reflect  .   (no cloak)
rCorr    .         Harm     .   (gloves unavailable)
MR       .....     Clarity  +   (boots unavailable)
Stlth    ++........             i - amulet of guardian spirit
HPRegen  0.57/turn              (no ring)
MPRegen  0.09/turn              (no ring)

@: no status effects
A: large, unfitting armour, claws 3, clarity, fast metabolism 3, gourmand,
regeneration 1, shaggy fur 1, tough skin 2, wild magic 1
a: no special abilities


You were on level 3 of the Dungeon.
You were completely stuffed.

You visited 1 branch of the dungeon, and saw 3 of its levels.

You collected 107 gold pieces.

Inventory:

Armour
 a - a +0 robe (worn)
Jewellery
 i - an amulet of guardian spirit (around neck)
 k - an uncursed amulet of magic regeneration {unknown}
Scrolls
 c - a scroll of enchant weapon
 d - 3 scrolls of fear
 e - 2 scrolls of teleportation
Comestibles
 b - 3 bread rations
 f - 3 meat rations
 h - a royal jelly


   Skills:
 + Level 3.3 Fighting
 + Level 3.3 Dodging
 - Level 1.0 Stealth
 * Level 4.9 Unarmed Combat


You had 4 spell levels left.
You didn't know any spells.

Dungeon Overview and Level Annotations

Branches:
Dungeon (3/15)

Altars:
Nemelex Xobeh

Annotations:
D:3 dvd's ghost, amateur MiFi


Innate Abilities, Weirdness & Mutations

You are too large for most types of armour.
You have claws for hands.
Your metabolism is lightning-fast.
You like to eat raw meat.
Your natural rate of healing is unusually fast.
You are covered in fur. (AC +1)
You have very tough skin. (AC +2)
You possess an exceptional clarity of mind.
Your spells are a little harder to cast, but a little more powerful.


Message History

You are too injured to fight recklessly!
You are too injured to fight recklessly!
You are too injured to fight recklessly!
You are too injured to fight recklessly!
You are too injured to fight recklessly!
You are too injured to fight recklessly!
You claw dvd's ghost!
Dvd's ghost is severely damaged.
Dvd's ghost hits you!
You completely miss dvd's ghost.
Dvd's ghost is severely damaged.
Dvd's ghost closely misses you.
You scratch dvd's ghost but do no damage.
Dvd's ghost is severely damaged.
Dvd's ghost hits you!
* * * LOW HITPOINT WARNING * * *
You scratch dvd's ghost but do no damage.
Dvd's ghost is severely damaged.
Dvd's ghost hits you!
You die...

,,*,**,,**,*#.# #...#.....###.
***,**,,,,,,#.# #.#...........
***,**,>,***#.# #.#..#........
,,,,****,* #.######.#..#.......#
***** *,####........†..######.!#
### #,#......^.#.###.........#
..# #.#.#......#.###..#####...
..######.#.#......#......# #.....
.)))...........W@.'..###.###†#...
.)<)..............##.# #.....#...
..................##.#########...
..................##....# #..#
##................#####.# #.##
###.....###......# #.# #.##
#.##### #......#####.# #.## #.#
#.######.....# #.# #.# #####.#
#.##### #.#


You could see dvd's ghost.

Vanquished Creatures
  Terence (D:2)
  Robin (D:2)
  8 gnolls
  2 adders
  3 oozes (D:2)
  A leopard gecko (D:2)
  9 bats
  A giant cockroach (D:1)
  13 goblins
  5 hobgoblins
  3 jackals (D:2)
  2 quokkas
  A frilled lizard (D:1)
  7 kobolds
  6 rats
63 creatures vanquished.

Notes
Turn   | Place    | Note
-------+----------+-------------------------------------------
     0 | D:1      | kae the Troll Monk began the quest for the Orb.
     0 | D:1      | Reached XP level 1. HP: 22/22 MP: 0/0
    90 | D:1      | Reached XP level 2. HP: 28/29 MP: 1/1
   474 | D:2      | Noticed Terence
   519 | D:2      | Killed Terence
   519 | D:2      | Reached XP level 3. HP: 22/36 MP: 2/2
   606 | D:2      | Gained mutation: Your spells are a little harder to cast, but a little more powerful. [potion of mutation]
   606 | D:2      | Gained mutation: You possess an exceptional clarity of mind. [potion of mutation]
   614 | D:2      | Reached skill level 4 in Unarmed Combat
   616 | D:2      | Reached XP level 4. HP: 29/44 MP: 3/3
  1006 | D:2      | Found a sparkling altar of Nemelex Xobeh.
  1080 | D:3      | Noticed Robin
  1115 | D:2      | Killed Robin
  1115 | D:2      | Reached XP level 5. HP: 36/53 MP: 4/4
  1262 | D:3      | Noticed dvd's ghost (amateur MiFi)
  1802 | D:3      | Slain by dvd's ghost

Vault maps used:
D:1:      dpeg_arrival_rooms_c
D:2:      nemelex_altar_shiori, minmay_misc_feat_room, uniq_terence
D:3:      grunt_gozag_breadcrumbs, cheibrodos_ashenzari_chains, uniq_robin

Skill      XL: |  1  2  3  4 |
---------------+-------------+-----
Unarmed Combat | 4 |  4.9
Fighting       | 3 |  3.3
Dodging        | 3 |  3.3
Stealth        | |  1.0

Action                   |  1- 3 |  4- 6 || total
-------------------------+-------+-------++-------
Melee: Unarmed           |    83 |   113 ||   196
       Punch             |       |     2 ||     2
  Use: Potion            |     2 |       ||     2
       Scroll            |       |     6 ||     6
 Stab: Sleeping          |     1 |       ||     1
  Eat: Chunk             |    11 |    11 ||    22
Armor: Robe              |    37 |    36 ||    73
       Skin              |     3 |    70 ||    73
Dodge: Dodged            |    58 |    72 ||   130

Table legend:
 A = Spawn XP
 B = Non-spawn XP
 C = Spawn XP percentage of total XP
 D = Spawn monster count
 E = Non-spawn monster count
 F = Spawn count percentage of total count
 G = Total turns spent on level
                    A         B        C        D         E        F      G
               +---------+---------+-------+---------+---------+-------+---------
         Total |       0 |     290 |   0.0 |       0 |      63 |   0.0 |  1802
               +---------+---------+-------+---------+---------+-------+---------
           D:1 |       0 |      28 |   0.0 |       0 |      20 |   0.0 |   452
           D:2 |       0 |     173 |   0.0 |       0 |      27 |   0.0 |  1003
           D:3 |       0 |      89 |   0.0 |       0 |      16 |   0.0 |   347
               +---------+---------+-------+---------+---------+-------+---------
